 Dungeon Crawl Stone Soup version 0.28-b1-25-g9875b3fc8c (webtiles) character file.

Game seed: 13474963791373780869

1465 GordonOverkill the Skirmisher (level 8, -2/57 HPs)
             Began as an Octopode Monk on Jan 31, 2022.
             Was a Believer of Sif Muna.
             Slain by a centaur (10 damage)
             ... on level 6 of the Dungeon.
             The game lasted 00:10:32 (8036 turns).

GordonOverkill the Skirmisher (Octopode Monk)       Turns: 8036, Time: 00:10:33

Health: -2/57      AC:  1    Str: 10    XL:     8   Next: 77%
Magic:  15/15      EV: 14    Int: 14    God:    Sif Muna [**....]
Gold:   234        SH:  0    Dex: 21    Spells: 16/16 levels left

rFire   . . .      SeeInvis +   g - +1 dagger (venom)
rCold   . . .      Faith    .   (no shield)
rNeg    . . .      Spirit   .   (helmet restricted)
rPois   .          Reflect  .   (no amulet)
rElec   .          Harm     .   l - ring of see invisible
rCorr   .          Rampage  .   n - ring of wizardry
Will    .....                   u - +6 ring of dexterity
Stlth   ++++......              (no ring)
HPRegen 0.19/turn               (no ring)
MPRegen 0.14/turn               (no ring)
                                (no ring)
                                (no ring)

@: mighty
A: almost no armour, amphibious, 8 rings, camouflage 1, gelatinous body 1,
(nimble swimmer 1), tentacles
a: Renounce Religion, Channel Magic


You were on level 6 of the Dungeon.
You worshipped Sif Muna.
Sif Muna was pleased with you.
You visited 2 branches of the dungeon, and saw 7 of its levels.

You collected 234 gold pieces.

Inventory:

Hand Weapons
 a - a +0 spear
 g - a +1 dagger of venom (weapon)
 A - a +4 halberd
Missiles
 e - 8 poisoned darts (quivered)
Jewellery
 l - a ring of see invisible (left tentacle)
 n - a ring of wizardry (right tentacle)
 u - a +6 ring of dexterity (on tentacle)
Wands
 o - a wand of charming (9)
 v - a wand of polymorph (6)
 y - a wand of iceblast (7)
Scrolls
 c - a scroll of magic mapping {unknown}
 m - a scroll of enchant armour {unknown}
 r - 2 scrolls of identify {unknown}
 t - a scroll of noise {unknown}
 x - a scroll of teleportation
 z - a scroll of enchant weapon {unknown}
Potions
 b - a potion of attraction {unknown}
 d - 2 potions of lignification {unknown}
 f - a potion of curing
 h - 2 potions of degeneration {unknown}
 i - 3 potions of heal wounds
 j - a potion of mutation {unknown}
 k - a potion of ambrosia {unknown}
 p - 2 potions of resistance {unknown}
 q - 3 potions of brilliance {unknown}
 s - a potion of flight {unknown}
 w - a potion of might


   Skills:
 + Level 6.2 Fighting
 - Level 3.0 Short Blades
 - Level 3.0 Polearms
 - Level 2.0 Throwing
 - Level 3.0 Dodging
 - Level 2.6 Stealth
 + Level 4.9 Spellcasting
 + Level 3.3 Invocations
 - Level 5.0 Evocations


You had 16 spell levels left.
You didn't know any spells.
Your spell library was empty.

Dungeon Overview and Level Annotations

Branches:
Dungeon (6/15)             Temple (1/1) D:5

Altars:
Ashenzari
Elyvilon
Fedhas
Nemelex Xobeh
Sif Muna
Trog
Zin


Innate Abilities, Weirdness & Mutations

You cannot wear most types of armour.
You are amphibious.
You can wear up to eight rings at the same time.
Your skin changes colour to match your surroundings (Stealth+).
Your rubbery body absorbs attacks. (AC +1, EV +1)
((You are camouflaged when in or above water. (Stealth+)))
You have tentacles for arms and can constrict up to eight enemies at once.


Message History

* * * LOW HITPOINT WARNING * * *
You hit the gnoll.
The gnoll looks as sick as possible!
The gnoll is severely wounded.
You constrict the gnoll. The gnoll hits you with a +4 halberd!
* * * LOW HITPOINT WARNING * * *
You release your grip on the gnoll.
You kill the gnoll!
Sif Muna accepts your kill.
There is a stone staircase leading up here.
You see here a +4 halberd.
You start resting.
HP restored.
A - a +4 halberd A centaur comes into view.
It is wielding a +0 rapier and carrying a wand of polymorph (4).
The centaur shouts!
The centaur zaps a wand.
You resist with some effort.
The centaur unwields a +0 rapier.
The centaur wields a +0 shortbow.
The centaur shoots an arrow.
The arrow hits you!
The centaur shoots an arrow.
The arrow barely misses you.
The centaur drinks a potion.
The centaur seems to speed up.
The centaur unwields a +0 shortbow.
The centaur wields a +0 rapier.
The centaur completely misses you. The centaur kicks you.
You are too injured to fight recklessly!
You are too injured to fight recklessly!
You are too injured to fight recklessly!
You hit the centaur but do no damage. The centaur hits you with a +0 rapier!
* * * LOW HITPOINT WARNING * * *
The centaur closely misses you.
You hit the centaur but do no damage.
The centaur is poisoned.
The centaur hits you with a +0 rapier!
* * * LOW HITPOINT WARNING * * *
The centaur kicks you.
* * * LOW HITPOINT WARNING * * *
The centaur hits you with a +0 rapier!
* * * LOW HITPOINT WARNING * * *
The centaur kicks you.
* * * LOW HITPOINT WARNING * * *
You feel very mighty all of a sudden. The centaur hits you with a +0 rapier!
You die...

#............#
#....<.......#
##..........##
##........##
###...##.########..
#......#.#.........
#..........######..
##......#.#### ...
###....####..@.##.#
#....#########c...####
####.#..#
#.............
#......##
##.###.########.
######## #..#..# ...
#..(.## .###
##..#..###.#..
#..........#.#
##....##.####.#


You could see a centaur (fast, very poisoned).

Vanquished Creatures
  2 sky beasts (D:6)
  2 black bears
  An ice beast (D:5)
  A water moccasin zombie (D:5)
  3 scorpions
  A water moccasin skeleton (D:5)
  A howler monkey (D:5)
  2 hounds (D:4)
  3 jellies
  Crazy Yiuf (D:4)
  4 iguanas
  Ijyb (D:5)
  Natasha (thrice) (D:4)
  An orc wizard (D:3)
  A hound zombie (D:5)
  3 hound skeletons
  2 adders (D:3)
  6 gnolls
  A shadow imp (D:6)
  2 white imps
  An ufetubus (D:5)
  An adder zombie (D:5)
  5 worms
  A dart slug (D:2)
  7 orcs
  5 bats
  11 endoplasms
  3 giant cockroaches
  8 goblins
  4 hobgoblins
  3 jackals (D:5)
  8 kobolds
  3 quokkas
  8 ball pythons
  3 frilled lizards
  5 rats
117 creatures vanquished.

Notes
Turn   | Place    | Note
-------+----------+-------------------------------------------
     0 | D:1      | GordonOverkill the Octopode Monk began the quest for the
                  | Orb.
     0 | D:1      | Reached XP level 1. HP: 16/16 MP: 1/1
    68 | D:1      | Reached XP level 2. HP: 14/21 MP: 1/3
   181 | D:1      | Reached skill level 1 in Spellcasting
   879 | D:1      | Reached XP level 3. HP: 22/26 MP: 5/5
  1924 | D:2      | Reached skill level 1 in Throwing
  2394 | D:3      | Reached XP level 4. HP: 33/33 MP: 6/6
  2440 | D:3      | Reached skill level 1 in Short Blades
  3114 | D:3      | Noticed a bullfrog
  3123 | D:3      | Noticed a scorpion
  3154 | D:3      | Reached XP level 5. HP: 29/37 MP: 8/8
  3189 | D:3      | Found a broken altar of Ashenzari.
  3198 | D:3      | Reached skill level 4 in Fighting
  4129 | D:4      | Noticed Natasha
  4139 | D:4      | Killed Natasha
  4220 | D:4      | Reached skill level 1 in Evocations
  4220 | D:4      | Reached XP level 6. HP: 43/44 MP: 8/10
  4523 | D:4      | Noticed Natasha
  4714 | D:4      | Killed Natasha
  4871 | D:4      | Found a bloodstained altar of Trog.
  4882 | D:4      | Noticed Natasha
  4889 | D:4      | Killed Natasha
  5090 | D:4      | Found a runed translucent door.
  5091 | D:4      | Noticed Crazy Yiuf
  5102 | D:4      | Killed Crazy Yiuf
  5227 | D:5      | Entered Level 5 of the Dungeon
  5280 | D:5      | Noticed a black bear
  5300 | D:5      | Killed a black bear
  5301 | D:5      | Reached XP level 7. HP: 20/49 MP: 10/12
  5529 | D:5      | Reached skill level 5 in Fighting
  6094 | D:5      | Found a staircase to the Ecumenical Temple.
  6152 | Temple   | Entered the Ecumenical Temple
  6158 | Temple   | Became a worshipper of Sif Muna the Loreminder
  6158 | Temple   | Reached * piety under Sif Muna
  6158 | Temple   | Reached ** piety under Sif Muna
  6338 | D:3      | Reached skill level 1 in Invocations
  6630 | D:5      | Reached XP level 8. HP: 30/56 MP: 13/13
  7052 | D:5      | Noticed Ijyb
  7153 | D:5      | Killed Ijyb
  7584 | D:6      | Reached skill level 5 in Evocations
  7677 | D:6      | Reached skill level 6 in Fighting
  8036 | D:6      | Slain by a centaur

Illustrated notes

Levels and vault maps discovered:
D:1:      psy_arrival_radial01, layout_rooms, serial_curves, eino_curves_01,
          eino_curves_02, eino_curves_01
D:2:      layout_loops_ring, kennysheep_generic_room_4
D:3:      layout_basic, ashenzari_conservatory_becter, solitary_fountain,
          lightli_corner_chamber
D:4:      layout_cave_pools, lightli_temple_of_fire, uniq_crazy_yiuf_cottage,
          uniq_natasha
D:5:      layout_basic, minmay_temple_entry_sparse_star, grunt_decor_cap,
          minmay_misc_feat_tower, kennysheep_generic_room_14, uniq_ijyb
D:6:      layout_rooms
Temple:   eino_temple_rhombus

Skill      XL: |  1  2  3  4  5  6  7  8 |
---------------+-------------------------+-----
Spellcasting   | 1 2 3 4 |  4.9
Throwing       | 1 2 |  2.0
Short Blades   | 1 2 3 |  3.0
Fighting       | 4 5 6 |  6.2
Evocations     | 1 2 4 5 |  5.0
Invocations    | 1 3 |  3.3
Polearms       | |  3.0
Dodging        | |  3.0
Stealth        | |  2.6

Action                   |  1- 3 |  4- 6 |  7- 9 || total
-------------------------+-------+-------+-------++-------
Melee: Spear             |    62 |       |       ||    62
       Tentacles         |    12 |    23 |    35 ||    70
       Constrict         |    18 |    27 |    18 ||    63
       Punch             |     1 |     3 |     1 ||     5
       Dagger            |    37 |   111 |   103 ||   251
       Unarmed           |       |     8 |       ||     8
Throw: Dart              |       |     2 |       ||     2
Evoke: Wand              |       |     3 |       ||     3
  Use: Scroll            |       |     1 |       ||     1
       Potion            |       |     1 |     1 ||     2
 Stab: Sleeping          |    13 |    11 |     8 ||    32
       Distracted        |       |     1 |       ||     1
Armor: Skin              |     5 |     1 |     3 ||     9
Dodge: Dodged            |    28 |    80 |    47 ||   155
